 Dungeon Crawl Stone Soup version 0.31-a0-204-g7da18cac08 (webtiles) character file.

Game seed: 4804816841862774125

309 qw the Skirmisher (level 6, -8/35 HPs)
             Began as a Deep Elf Hunter on June 27, 2023.
             Killed from afar by an orc wizard (10 damage)
             ... with a puff of flame
             ... on level 4 of the Dungeon.
             The game lasted 00:01:21 (2892 turns).

qw the Skirmisher (Deep Elf Hunter)                 Turns: 2892, Time: 00:01:22

Health: -8/35      AC:  5    Str: 14    XL:     6   Next: 17%
Magic:  8/8        EV: 12    Int: 14    God:
Gold:   103        SH:  0    Dex: 20    Spells: 5/5 levels left

rFire   . . .        Y - +1 shortbow
rCold   . . .        (shield currently unavailable)
rNeg    . . .        e - +0 ring mail
rPois   .            (no helmet)
rElec   .            (no cloak)
rCorr   .            (no gloves)
SInv    .            (no boots)
Will    .....        (no amulet)
Stlth   +            g - +6 ring of strength
HPRegen 0.25/turn    (no ring)
MPRegen 0.11/turn

%: no passive effects
@: no status effects
A: no striking features
a: no special abilities


You were on level 4 of the Dungeon.
You visited 1 branch of the dungeon, and saw 4 of its levels.
You also visited: Sewer.

You collected 103 gold pieces.


   Skills:
 - Level 2.2 Fighting
 + Level 9.1 Ranged Weapons
 - Level 3.5 Dodging
 - Level 1.2 Stealth


You had 5 spell levels left.
You didn't know any spells.
Your spell library was empty.

Inventory:

Hand Weapons
 Y - a +1 shortbow (weapon)
Armour
 e - a +0 ring mail (worn)
Jewellery
 g - a +6 ring of strength (left hand)
Scrolls
 a - a scroll of amnesia {unknown}
 c - 2 scrolls of identify
 k - a scroll of noise {unknown}
Potions
 b - a potion of mutation
 d - a potion of curing
 f - a potion of haste
 i - a potion of lignification {unknown}
 j - a potion of might

Dungeon Overview and Level Annotations

Branches:
Dungeon (4/15)              Sewer (visited)
 Temple: D:4-7

Altars:
Ashenzari
Cheibriados
Dithmenos
The Shining One


Message History

The orc wizard hits you but does no damage.
The orc wizard casts a spell.
The orc wizard flickers and vanishes!
Deactivating autopickup; reactivate with Ctrl-A.
Your Fighting skill increases to level 2!
You shoot an arrow. The arrow hits the orc.
The orc is lightly wounded.
Something hits you.
You shoot an arrow. The arrow hits the orc.
The orc is moderately wounded.
The orc hits you with a +0 flail! Something hits you but does no damage.
You shoot an arrow. The arrow hits the orc.
The orc is heavily wounded.
The orc hits you with a +0 flail! Something hits you but does no damage.
You shoot an arrow. The arrow completely misses the orc.
The orc misses you.
You hear some strange, mumbled words.
A puff of flame appears from out of thin air!
The puff of flame hits you!
2884 ||| READING scroll of teleportation.
As you read the scroll of teleportation, it crumbles to dust.
You feel strangely unstable. The orc completely misses you. Something hits you.
You shoot an arrow.
The arrow hits the orc but does no damage.
The orc is heavily wounded.
The orc barely misses you. Something hits you but does no damage.
You shoot an arrow. The arrow barely misses the orc.
The orc hits you but does no damage. Something hits you.
You shoot an arrow. The arrow hits the orc.
You kill the orc!
Something hits you but does no damage.
You shoot an arrow.
Your surroundings suddenly seem different.
Autopickup is now on.
You start resting.
A puff of flame appears from out of thin air!
Deactivating autopickup; reactivate with Ctrl-A.
The puff of flame hits you!
You die...

#..%..ยค{.......####
#......)...........
#........###.......
#......{...........
#............#^)o...
#.....)......#......
#............#...o..
#?...........# ...o.
.......@....# ...o.
............#
......####### ######


There were no monsters in sight!

Vanquished Creatures
  Pargi (Sewer)
  A hound (D:3)
  An orc priest (D:4)
  Terence (D:2)
  4 adders
  2 worms
  3 dart slugs (D:3)
  3 orcs
  9 ball pythons
  4 bats
  8 endoplasms
  5 giant cockroaches
  8 goblins
  5 hobgoblins
  5 jackals
  3 quokkas
  6 frilled lizards
  8 kobolds
  4 rats
81 creatures vanquished.

Notes
Turn   | Place    | Note
-------+----------+-------------------------------------------
     0 | D:1      | qw the Deep Elf Hunter began the quest for the Orb.
     0 | D:1      | Reached XP level 1. HP: 12/12 MP: 3/3
     0 | D:1      | 0 ||| qw: Version: 0.3-a-22-g0ed2b0b
     0 | D:1      | 0 ||| qw: Game counter: 6634
     0 | D:1      | 0 ||| qw: Melee chars always use a shield: true
     0 | D:1      | 0 ||| qw: God list: Okawaru
     0 | D:1      | 0 ||| qw: Allow faded altars: false
     0 | D:1      | 0 ||| qw: Do Orc after clearing Dungeon:15 true
     0 | D:1      | 0 ||| qw: Do second Lair branch before Depths: true
     0 | D:1      | 0 ||| qw: Lair rune preference: random
     0 | D:1      | 0 ||| qw: Goals: Normal
     0 | D:1      | 0 ||| PLANNING D:1-11
   206 | D:1      | Found a faded altar of an unknown god.
   213 | D:1      | Reached skill level 6 in Ranged Weapons
   213 | D:1      | Reached XP level 2. HP: 15/16 MP: 4/4
   446 | D:1      | 446 ||| UPGRADING to +0 ring mail.
   456 | D:1      | 456 ||| DROPPING +0 leather armour.
   457 | D:1      | 457 ||| UPGRADING to +6 ring of strength.
   458 | D:1      | 458 ||| READING scroll labelled JEGOYZULIWK.
   461 | D:1      | 461 ||| DROPPING scroll of butterflies.
   478 | D:2      | 478 ||| STAIRDANCE
   642 | D:2      | Reached XP level 3. HP: 20/20 MP: 5/5
   659 | D:2      | 659 ||| FLEEEEING.
   660 | D:2      | 660 ||| FLEEEEING.
   661 | D:2      | 661 ||| FLEEEEING.
   662 | D:2      | 662 ||| FLEEEEING.
   663 | D:2      | 663 ||| FLEEEEING.
   664 | D:2      | 664 ||| FLEEEEING.
   665 | D:2      | 665 ||| FLEEEEING.
   672 | D:2      | 672 ||| FLEEEEING.
   673 | D:2      | 673 ||| FLEEEEING.
   674 | D:2      | 674 ||| FLEEEEING.
   675 | D:2      | 675 ||| FLEEEEING.
   677 | D:2      | 677 ||| FLEEEEING.
   678 | D:2      | 678 ||| FLEEEEING.
   679 | D:2      | 679 ||| FLEEEEING.
   680 | D:2      | 680 ||| FLEEEEING.
   681 | D:2      | 681 ||| FLEEEEING.
   682 | D:2      | 682 ||| FLEEEEING.
   683 | D:2      | 683 ||| FLEEEEING.
   684 | D:2      | 684 ||| FLEEEEING.
   686 | D:2      | 686 ||| FLEEEEING.
   687 | D:2      | 687 ||| FLEEEEING.
   688 | D:2      | 688 ||| FLEEEEING.
   696 | D:2      | 696 ||| FLEEEEING.
   697 | D:2      | 697 ||| FLEEEEING.
   698 | D:2      | 698 ||| FLEEEEING.
   699 | D:2      | 699 ||| FLEEEEING.
   700 | D:2      | 700 ||| FLEEEEING.
   701 | D:2      | 701 ||| STAIRDANCE
   910 | D:2      | Noticed Terence
   921 | D:2      | Killed Terence
   922 | D:2      | Reached skill level 7 in Ranged Weapons
   922 | D:2      | 922 ||| FLEEEEING.
   923 | D:2      | 923 ||| FLEEEEING.
   940 | D:2      | 940 ||| FLEEEEING.
   941 | D:2      | 941 ||| FLEEEEING.
   951 | D:2      | 951 ||| STAIRDANCE
   970 | D:1      | 970 ||| READING 2 scrolls labelled PITHOWK BAOXI.
  1038 | D:2      | Reached XP level 4. HP: 25/25 MP: 6/6
  1285 | D:2      | 1285 ||| READING scroll labelled XIB UXYG CYE.
  1286 | D:2      | 1286 ||| DRINKING 2 grey potions.
  1288 | D:2      | 1288 ||| Stepping ~*~*~tactically~*~*~ (cloud).
  1293 | D:2      | HP: 6/25 [poisoned by you (poison gas)]
  1435 | D:3      | 1435 ||| PLANNING SEWER
  1613 | D:3      | 1613 ||| Stepping randomly (stuck).
  1930 | D:3      | Found a glowing golden altar of the Shining One.
  1936 | D:3      | Found a glowing drain.
  1946 | D:3      | Reached skill level 8 in Ranged Weapons
  1946 | D:3      | 1946 ||| READING scroll labelled UXZAYM FOSUCK.
  1947 | D:3      | 1947 ||| DRINKING 2 golden potions.
  1948 | D:3      | 1948 ||| READING 6 scrolls of identify.
  1948 | D:3      | 1948 ||| IDENTIFYING sapphire potion
  1949 | D:3      | 1949 ||| DROPPING potion of invisibility.
  1963 | Sewer    | Entered a sewer
  1967 | Sewer    | 1967 ||| Stepping ~*~*~tactically~*~*~ (water).
  1969 | Sewer    | 1969 ||| Stepping ~*~*~tactically~*~*~ (water).
  1971 | Sewer    | 1971 ||| Stepping ~*~*~tactically~*~*~ (water).
  1983 | Sewer    | 1983 ||| Stepping ~*~*~tactically~*~*~ (water).
  2006 | Sewer    | 2006 ||| Stepping ~*~*~tactically~*~*~ (water).
  2017 | Sewer    | Noticed Pargi
  2024 | Sewer    | HP: 4/25 [Pargi (3)]
  2025 | Sewer    | 2025 ||| READING scroll of teleportation.
  2026 | Sewer    | 2026 ||| DRINKING potion of heal wounds.
  2034 | Sewer    | 2034 ||| Stepping ~*~*~tactically~*~*~ (water).
  2041 | Sewer    | Killed Pargi
  2042 | Sewer    | Reached skill level 9 in Ranged Weapons
  2042 | Sewer    | Reached XP level 5. HP: 11/29 MP: 7/7
  2159 | Sewer    | 2159 ||| Stepping ~*~*~tactically~*~*~ (water).
  2161 | Sewer    | 2161 ||| Stepping ~*~*~tactically~*~*~ (water).
  2206 | Sewer    | 2206 ||| READING scroll labelled SANURU WECAXI.
  2207 | Sewer    | 2207 ||| READING scroll labelled PIP YNGAROUTZ.
  2208 | Sewer    | 2208 ||| READING scroll labelled GOFAUDYEDD.
  2209 | Sewer    | 2209 ||| READING 5 scrolls of identify.
  2209 | Sewer    | 2209 ||| IDENTIFYING brown potion
  2210 | Sewer    | 2210 ||| READING 4 scrolls of identify.
  2210 | Sewer    | 2210 ||| IDENTIFYING yellow potion
  2211 | Sewer    | 2211 ||| READING 3 scrolls of identify.
  2211 | Sewer    | 2211 ||| IDENTIFYING murky clear potion
  2224 | D:3      | 2224 ||| PLANNING D:1-11
  2411 | D:3      | Reached skill level 3 in Dodging
  2466 | D:3      | Identified the +7 chain mail "Innaythri" {Fly Dex+2}
  2766 | D:3      | Reached XP level 6. HP: 35/35 MP: 8/8
  2802 | D:3      | Found a shadowy altar of Dithmenos.
  2802 | D:3      | Found a broken altar of Ashenzari.
  2805 | D:3      | Found a snail-covered altar of Cheibriados.
  2820 | D:3      | 2820 ||| READING scroll labelled SASEZI HAOKOWK.
  2821 | D:3      | 2821 ||| DRINKING 2 white potions.
  2822 | D:3      | 2822 ||| DROPPING potion of brilliance.
  2866 | D:4      | 2866 ||| Stepping ~*~*~tactically~*~*~ (outnumbered).
  2868 | D:4      | 2868 ||| Stepping ~*~*~tactically~*~*~ (outnumbered).
  2871 | D:4      | 2871 ||| Stepping ~*~*~tactically~*~*~ (outnumbered).
  2883 | D:4      | HP: 2/35 [something/puff of flame (12)]
  2884 | D:4      | 2884 ||| READING scroll of teleportation.
  2892 | D:4      | Killed from afar by an orc wizard

Levels and vault maps discovered:
D:1:      matt_arrival_los_fun, layout_basic,
          dreamdust_ecumenical_altar_angels_and_demons, minmay_tetromino_s2
D:2:      layout_loops_ring, minmay_misc_feat_rugged, uniq_terence
D:3:      kb_forest_paths, layout_loops_corners, lemuel_tele_altar, minitemple,
          portal_sewer_entry_a
D:4:      layout_basic

Skill      XL: |  1  2  3  4  5  6 |
---------------+-------------------+-----
Ranged Weapons | 6 7 9 |  9.1
Dodging        | 3 |  3.5
Fighting       | 2 |  2.2
Stealth        | |  1.2

Action                     |  1- 3 |  4- 6 || total
---------------------------+-------+-------++-------
   Fire: Shortbow          |    80 |   145 ||   225
    Use: Scroll            |     2 |    12 ||    14
         Potion            |       |     4 ||     4
 Armour: Leather armour    |     2 |       ||     2
         Ring mail         |    15 |    30 ||    45
  Dodge: Dodged            |    21 |    38 ||    59

Table legend:
 A = Non-vault XP
 B = Vault XP
 C = Vault XP percentage of total XP
 D = Non-vault monster count
 E = Vault monster count
 F = Vault count percentage of total count
                 A         B        C        D         E       F
            +---------+---------+-------+---------+---------+-------
      Total |     227 |     215 |  48.6 |      61 |      20 |  24.7
            +---------+---------+-------+---------+---------+-------
        D:1 |      21 |       0 |   0.0 |      11 |       0 |   0.0
        D:2 |      51 |      36 |  41.4 |      27 |       1 |   3.6
        D:3 |     102 |      25 |  19.7 |      17 |       8 |  32.0
        D:4 |      53 |       0 |   0.0 |       6 |       0 |   0.0
      Sewer |       0 |     154 | 100.0 |       0 |      11 | 100.0
            +---------+---------+-------+---------+---------+-------
